 Dungeon Crawl Stone Soup version 0.24-a0-586-g8e0e932a4c (webtiles) character file.

Game seed: 7754144121015659916, levelgen mode: deterministic

3549 Mithandil the Destroyer (level 10, -6/56 HPs)
             Began as a Tengu Conjurer on Sept 7, 2019.
             Was a Believer of Vehumet.
             Mangled by an elephant (10 damage)
             ... on level 8 of the Dungeon on Sept 8, 2019.
             The game lasted 00:56:28 (10471 turns).

Mithandil the Destroyer (Tengu Conjurer)           Turns: 10471, Time: 00:56:29

Health: -6/56      AC:  7    Str:  8    XL:     10   Next: 9%
Magic:  8/28       EV: 17    Int: 17    God:    Vehumet [**....]
Gold:   340        SH:  0    Dex: 15    Spells: 3/20 levels left

rFire    + . .     SeeInvis .   a - +1 short sword (speed)
rCold    . . .     Gourm    .   (no shield)
rNeg     . . .     Faith    .   A - +2 leather armour {rF+}
rPois    +         Spirit   .   (helmet restricted)
rElec    .         Reflect  .   (no cloak)
rCorr    .         Harm     .   F - +1 pair of gloves
MR       .....     Rnd*Rage +   (boots unavailable)
Stlth    +++.......             l - amulet of regeneration
HPRegen  0.58/turn              k - ring of poison resistance
MPRegen  0.21/turn              j - ring of magical power

@: flying quickly and evasively, quick
A: beak, horns 1, talons 3, berserk 1, poison resistance, weak 1, able to fly
a: Stop Flying, Renounce Religion


You were on level 8 of the Dungeon.
You worshipped Vehumet.
Vehumet was pleased with you.
You were not hungry.

You visited 2 branches of the dungeon, and saw 11 of its levels.

You collected 709 gold pieces.
You spent 369 gold pieces at shops.

Inventory:

Hand Weapons
 a - a +1 short sword of speed (weapon)
 b - the +6 hunting sling of Stickiness {freeze, +Inv rC+}
   (You bought it in a shop on level 7 of the Dungeon)

   It causes projectiles fired from it to freeze those they strike, causing
   extra injury to most foes and up to half again as much damage against
   particularly susceptible opponents.
   They can also slow down cold-blooded creatures.
   It protects you from cold.
   It lets you turn invisible.
 c - a +0 halberd
 q - a +0 spear
 y - a +0 flail of crushing
 z - a +2 dagger of speed
 D - a +0 long sword
 E - a +1 dagger of holy wrath
 G - a +0 shortbow
Missiles
 d - 114 arrows
 f - 77 bolts
 o - 136 stones
 s - 46 sling bullets
 u - 23 boomerangs (quivered)
 v - 62 poisoned darts
Armour
 A - a +2 leather armour of fire resistance (worn)
 F - a +1 pair of gloves (worn)
Jewellery
 j - a ring of magical power (right hand)
 k - a ring of poison resistance (left hand)
 l - an amulet of regeneration (around neck)
 p - an uncursed ring of fire
 I - an uncursed ring of see invisible
 L - an uncursed amulet of guardian spirit {unknown}
Wands
 w - a wand of acid (5)
 x - a wand of random effects (15)
 H - a wand of polymorph (10)
 K - a wand of flame (10)
Scrolls
 g - 7 scrolls of identify
 h - 5 scrolls of remove curse
 i - 5 scrolls of teleportation
 r - 3 scrolls of fog
 t - 3 scrolls of magic mapping
 J - 3 scrolls of blinking
Potions
 e - a potion of agility
 n - a potion of haste
 B - 3 potions of ambrosia
Comestibles
 m - 2 chunks of flesh
 C - 20 rations


   Skills:
 + Level 4.1 Fighting
 * Level 6.5 Short Blades
 + Level 5.2 Dodging
 + Level 5.0 Stealth
 * Level 5.9 Spellcasting
 * Level 9.7 Conjurations
 + Level 1.9 Hexes
 + Level 2.8 Translocations
 + Level 0.2 Ice Magic
 + Level 1.7 Poison Magic


You had 3 spell levels left.
You knew the following spells:

 Your Spells              Type           Power        Failure   Level  Hunger
a - Magic Dart            Conj           ####         1%          1    None
b - Searing Ray           Conj           #####.       1%          2    None
c - Force Lance           Conj/Tloc      ####....     14%         4    ####...
d - Iskenderun's Mystic   Conj           #####...     3%          4    ####...
e - Sting                 Conj/Pois      ###.         1%          1    None
f - Throw Frost           Conj/Ice       ###...       3%          2    None
s - Dazzling Spray        Conj/Hex       ####..       4%          3    ##.....

Your spell library contained the following spells:

 Spells                   Type           Power        Failure   Level  Hunger
 Fulminant Prism          Conj/Hex       ####......   17%         4    ####...


Dungeon Overview and Level Annotations

Branches:
Dungeon (10/15)            Temple (1/1) D:5
   Lair: D:8-11         Orc: D:9-12

Altars:
Ashenzari
Cheibriados
Dithmenos
Elyvilon
Fedhas
Gozag
Hepliaklqana
Kikubaaqudgha
Makhleb
Nemelex Xobeh
Okawaru
Qazlal
Ru
Sif Muna
Trog
Uskayaw
Vehumet
Wu Jian
Xom
Yredelemnul
Zin
The Shining One
Beogh

Shops:
D:7 (

Annotations:
D:3 2 transporters, Menkaure
D:9 Joseph
D:10 Snorg


Innate Abilities, Weirdness & Mutations

You have a beak for a mouth.
You have claws for feet.
You can fly continuously.
You have a pair of small horns on your head.
You tend to lose your temper in combat.
Your system is resistant to poisons. (rPois)
You are weak. (Str -2)


Message History

The elephant trunk-slaps you but does no damage.
The searing ray hits the elephant but does no damage.
The elephant is severely wounded.
The elephant completely misses you. The elephant misses you.
The searing ray hits the elephant!
The elephant is almost dead.
You finish channeling your searing ray.
The elephant looks more healthy.
The elephant misses you. The elephant closely misses you.
The elephant completely misses you.
The elephant trunk-slaps you but does no damage.
Casting: Searing Ray (safe; 1% risk of failure)
Confirm with . or Enter, or press ? or * to list all spells.
Aiming: Sting (safe; 1% risk of failure)
Press: ? - help, Shift-Dir - straight line, f/p - elephant
Aim: an elephant (almost dead)
The sting hits the elephant but does no damage.
The elephant is poisoned.
The elephant is almost dead.
The elephant tramples you!
You die...

.# #........# ##### .#
#........####.# .#
###############.###.##.# .#
#...........# #.# #.##.# ##
#.#########.# #.# #.##.#
###.....# #.# #.# #.##.#
#.......# #.###.# #.##.#
#######.......#####...#.# #.##.#
...............Y@##.#.#.# #.##.#
#######.......#######.#.###.##.##
#######.......# #.#.#........
#.............# #.#.....##.##
#.#####.......# #.###.#.##.## #.#
#.......# #.......##.## #.#
#.......# #####.####.## #.#
#...##.## #.# #.##
#'#####......####### #.# #.##


You could see an elephant.

Vanquished Creatures
  A hippogriff (D:7)
  Edmund (D:5)
  5 orc warriors
  2 sky beasts
  3 ice beasts
  A phantom (D:8)
  5 ogres
  A centaur (D:5)
  A crocodile (D:9)
  3 scorpions
  A wyvern skeleton (D:8)
  10 killer bees
  A howler monkey (D:6)
  3 crimson imps
  4 hounds
  2 orc priests
  4 orc wizards
  Ijyb (D:3)
  A bullfrog skeleton (D:7)
  2 iguanas
  4 worker ants
  A hound zombie (D:6)
  A hound skeleton (D:8)
  A howler monkey zombie (D:6)
  8 gnolls
  15 adders
  2 oozes
  2 adder skeletons
  2 worms (D:5)
  3 dart slugs
  A leopard gecko (D:1)
  42 orcs
  5 giant cockroaches
  2 goblins
  8 hobgoblins
  6 jackals
  4 quokkas
  6 ball pythons
  10 bats
  8 frilled lizards
  15 kobolds
  2 leopard gecko zombies
  3 quokka skeletons
  11 rats
214 creatures vanquished.

Notes
Turn   | Place    | Note
-------+----------+-------------------------------------------
     0 | D:1      | Mithandil the Tengu Conjurer began the quest for the Orb.
     0 | D:1      | Reached XP level 1. HP: 10/10 MP: 4/4
   136 | D:1      | Reached XP level 2. HP: 15/15 MP: 0/6
   144 | D:1      | Learned a level 2 spell: Searing Ray
   773 | D:1      | Reached skill level 1 in Short Blades
   773 | D:1      | Reached XP level 3. HP: 20/20 MP: 7/7
  1022 | D:2      | Reached XP level 4. HP: 3/24 MP: 8/8
  1571 | D:1      | Reached skill level 1 in Fighting
  1950 | D:3      | Found a basalt altar of Yredelemnul.
  1950 | D:3      | Found a transporter.
  1950 | D:3      | Noticed a hungry ghost
  2142 | D:2      | Reached skill level 6 in Conjurations
  2691 | D:3      | Found a transporter.
  2733 | D:3      | Found an ancient bone altar of Kikubaaqudgha.
  2747 | D:3      | Noticed Menkaure
  2815 | D:4      | Gained mutation: You can fly continuously. [Tengu growth]
  2815 | D:4      | Reached XP level 5. HP: 28/29 MP: 10/10
  2858 | D:3      | Learned a level 4 spell: Force Lance
  3501 | D:3      | Reached XP level 6. HP: 34/34 MP: 11/11
  3628 | D:3      | Noticed Ijyb
  3659 | D:3      | Killed Ijyb
  3687 | D:3      | HP: 1/35 [poisoned by a scorpion]
  4447 | D:3      | Learned a level 4 spell: Iskenderun's Mystic Blast
  4613 | D:4      | Found a glowing silver altar of Zin.
  4615 | D:4      | Found a snail-covered altar of Cheibriados.
  4621 | D:5      | Entered Level 5 of the Dungeon
  4752 | D:4      | Reached XP level 7. HP: 36/39 MP: 13/13
  4897 | D:4      | Reached skill level 7 in Conjurations
  4919 | D:4      | Found a glowing golden altar of the Shining One.
  5267 | D:4      | Found a shattered altar of Ashenzari.
  6150 | D:5      | Reached skill level 1 in Translocations
  6243 | D:5      | Found a shadowy altar of Dithmenos.
  6252 | D:5      | Noticed Edmund
  6277 | D:5      | Reached XP level 8. HP: 29/45 MP: 10/15
  6310 | D:5      | Learned a level 3 spell: Dazzling Spray
  6505 | D:5      | Killed Edmund
  6773 | D:5      | Found a staircase to the Ecumenical Temple.
  6779 | Temple   | Entered the Ecumenical Temple
  6812 | Temple   | Became a worshipper of Vehumet
  6956 | D:5      | Reached skill level 8 in Conjurations
  7457 | D:7      | Reached skill level 5 in Short Blades
  7567 | D:7      | Reached XP level 9. HP: 27/51 MP: 7/17
  7569 | D:7      | Reached skill level 1 in Hexes
  7664 | D:7      | Found Voikhleyp's Antique Weapon Emporium.
  7680 | D:7      | Bought a long sword for 129 gold pieces
  7680 | D:7      | Bought a scorched hunting sling for 240 gold pieces
  7680 | D:7      | Upgraded the game from 0.24-a0-585-g5c5dc1b5cb to
                  | 0.24-a0-586-g8e0e932a4c
  7712 | D:7      | Reached skill level 5 in Spellcasting
  7793 | D:6      | Identified the +6 hunting sling of Stickiness {freeze, +Inv
                  | rC+} (You bought it in a shop on level 7 of the Dungeon)
  7860 | D:6      | Found a hazy altar of Hepliaklqana.
  7908 | D:6      | Reached * piety under Vehumet
  7908 | D:6      | Offered knowledge of Sting by Vehumet.
  8033 | D:6      | Learned a level 1 spell: Sting
  8161 | D:6      | Reached skill level 9 in Conjurations
  8300 | D:6      | Gained mutation: You tend to lose your temper in combat.
                  | [potion of mutation]
  8300 | D:6      | Gained mutation: Your system is resistant to poisons.
                  | (rPois) [potion of mutation]
  8300 | D:6      | Gained mutation: You are weak. (Str -2) [potion of
                  | mutation]
  8300 | D:6      | Gained mutation: You have a pair of small horns on your
                  | head. [potion of mutation]
  8927 | D:8      | Found a blossoming altar of Fedhas.
  8976 | D:8      | Found a stormy altar of Qazlal.
  9016 | D:9      | Noticed Joseph
  9553 | D:8      | Reached skill level 5 in Dodging
  9555 | D:8      | Reached skill level 1 in Poison Magic
  9569 | D:8      | Found a roughly hewn altar of Beogh.
  9582 | D:8      | Offered knowledge of Throw Frost by Vehumet.
  9585 | D:8      | Reached ** piety under Vehumet
  9771 | D:8      | Learned a level 2 spell: Throw Frost
  9777 | D:9      | Found an ornate altar of the Wu Jian Council.
  9777 | D:9      | Found a hide-covered altar of Uskayaw.
 10164 | D:8      | Reached XP level 10. HP: 48/56 MP: 19/19
 10165 | D:8      | Reached skill level 5 in Stealth
 10335 | D:9      | Found a burning altar of Makhleb.
 10405 | D:10     | Entered Level 10 of the Dungeon
 10405 | D:10     | Noticed Snorg
 10430 | D:9      | Noticed an elephant
 10467 | D:8      | HP: 2/56 [elephant (10)]
 10471 | D:8      | Mangled by an elephant

Levels and vault maps discovered:
D:1:      dpeg_arrival_rooms_a, layout_loops_cross, hex_large
D:2:      layout_basic, chequers_mini_garden, minmay_misc_feat_alley,
          minmay_ruptured
D:3:      layout_basic, gammafunk_temple_of_torment, minmay_pentangle, uniq_ijyb
D:4:      layout_basic, nicolae_overflow_crystal_walls,
          nicolae_overflow_hidden_temple, tso_metal_star
D:5:      layout_basic, nicolae_dithmenos_shadow_blocks,
          minmay_temple_entry_gardened_gates, first_ration, serial_curves,
          eino_curves_04, eino_curves_03, uniq_edmund
D:6:      layout_loops_ring, old_standard_altar, st_stairs_12
D:7:      layout_rooms, serial_shops, nicolae_shop_statue_plus, st_stairs_11,
          minivault_5
D:8:      layout_basic, grunt_temple_overflow_forces_of_nature, special_room
          [special_room_orc]
D:9:      layout_loops_cross, grunt_temple_overflow_open, david_lair_generic,
          enter_bailey_7, uniq_joseph
D:10:     layout_basic, hangedman_fish_farm, uniq_fannar, uniq_maurice,
          uniq_snorg
Temple:   nicolae_temple_figure_zero

Skill      XL: |  1  2  3  4  5  6  7  8  9 10 |
---------------+-------------------------------+-----
Short Blades   | 1 2 3 4 5 6 |  6.5
Fighting       | 1 2 3 4 |  4.1
Conjurations   | 6 7 8 9 |  9.7
Spellcasting   | 3 4 5 |  5.9
Dodging        | 3 4 5 |  5.2
Stealth        | 3 4 5 |  5.0
Translocations | 1 2 |  2.8
Hexes          | 1 |  1.9
Poison Magic   | 1 |  1.7
Ice Magic      | |  0.2

Action                   |  1- 3 |  4- 6 |  7- 9 | 10-12 || total
-------------------------+-------+-------+-------+-------++-------
Melee: Dagger            |     4 |       |       |       ||     4
       Kick              |     1 |     1 |     9 |       ||    11
       Peck              |     1 |       |     7 |       ||     8
       Short sword       |       |    14 |    35 |       ||    49
       Headbutt          |       |       |     1 |       ||     1
 Cast: Magic Dart        |    45 |   107 |   171 |    15 ||   338
       Searing Ray       |     4 |    15 |    52 |     3 ||    74
       Sting             |       |       |    15 |    16 ||    31
       Throw Frost       |       |       |     4 |     9 ||    13
 Abil: Fly               |       |     1 |       |       ||     1
Evoke: Wand              |       |     1 |    12 |       ||    13
  Use: Potion            |     2 |     4 |     5 |     1 ||    12
       Scroll            |     2 |     2 |    10 |       ||    14
 Stab: Sleeping          |       |     1 |     1 |       ||     2
  Eat: Chunk             |     1 |    13 |    13 |     1 ||    28
       Ration            |       |       |     1 |       ||     1
Armor: Robe              |     5 |     2 |       |       ||     7
       Leather armour    |       |    12 |    32 |    14 ||    58
Dodge: Dodged            |     6 |    46 |   118 |    43 ||   213

Table legend:
 A = Non-vault XP
 B = Vault XP
 C = Vault XP percentage of total XP
 D = Non-vault monster count
 E = Vault monster count
 F = Vault count percentage of total count
                 A         B        C        D         E       F
            +---------+---------+-------+---------+---------+-------
      Total |    4113 |     958 |  18.9 |     161 |      53 |  24.8
            +---------+---------+-------+---------+---------+-------
        D:1 |      39 |       0 |   0.0 |      24 |       0 |   0.0
        D:2 |      80 |      14 |  14.9 |      17 |       2 |  10.5
        D:3 |     243 |     117 |  32.5 |      32 |      19 |  37.3
        D:4 |     285 |       0 |   0.0 |      18 |       0 |   0.0
        D:5 |     745 |     154 |  17.1 |      21 |       1 |   4.5
        D:6 |     561 |      21 |   3.6 |      10 |       1 |   9.1
        D:7 |    1095 |      41 |   3.6 |      20 |       3 |  13.0
        D:8 |     745 |     510 |  40.6 |      14 |      26 |  65.0
        D:9 |     320 |     101 |  24.0 |       5 |       1 |  16.7
            +---------+---------+-------+---------+---------+-------
